 Dungeon Crawl Stone Soup version 0.23.1 (webtiles) character file.

Game seed: 16401523709884979499

7711 Norn the Whirler (level 11, -2/78 HPs)
             Began as a Halfling Hunter on Mar 16, 2019.
             Was an Elder of Okawaru.
             Shot with a bolt by a yaktaur captain (44 damage)
             ... on level 9 of the Dungeon.
             The game lasted 00:34:47 (10984 turns).

Norn the Whirler (Halfling Hunter)                 Turns: 10984, Time: 00:34:48

Health: -2/78      AC: 12    Str: 13    XL:     11   Next: 42%
Magic:  11/11      EV: 20    Int: 12    God:    Okawaru [****..]
Gold:   211        SH:  5    Dex: 16    Spells: 10/10 levels left

rFire    + + .     SeeInvis .   a - +2 hunting sling
rCold    . . .     Gourm    .   (shield restricted)
rNeg     . . .     Faith    .   U - +1 ring mail {rF+}
rPois    +         Spirit   .   z - +1 helmet
rElec    +         Reflect  +   Q - +1 cloak
rCorr    .         Harm     .   (no gloves)
MR       +....                  T - +0 pair of boots
Stlth    +.........             R - +5 amulet of reflection
HPRegen  0.23/turn              C - ring of flight
MPRegen  0.12/turn              Y - ring of Oti Atwix {rElec rPois rF+ MR+}

@: no status effects
A: small, mutation resistance 1
a: Heroism, Renounce Religion, Evoke Flight


You were on level 9 of the Dungeon.
You worshipped Okawaru.
Okawaru was greatly pleased with you.
You were not hungry.

You visited 2 branches of the dungeon, and saw 10 of its levels.

You collected 467 gold pieces.
You spent 256 gold pieces at shops.

Inventory:

Hand Weapons
 a - a +2 hunting sling (weapon)
 v - a +0 dagger
   (You took it off a kobold on level 2 of the Dungeon)
 B - a +0 blowgun
   (You took it off a kobold on level 3 of the Dungeon)
 D - a +0 long sword
   (You found it on level 3 of the Dungeon)
Missiles
 l - 133 stones
 A - 19 poisoned needles
 P - 57 sling bullets (quivered)
 Z - 2 throwing nets {!f}
Armour
 y - a +2 robe of magic resistance
   (You took it off Jessica on level 2 of the Dungeon)
 z - a +1 helmet (worn)
   (You took it off Robin on level 2 of the Dungeon)
 Q - a +1 cloak (worn)
   (You found it on level 5 of the Dungeon)
 T - a +0 pair of boots (worn)
   (You found it on level 6 of the Dungeon)
 U - a +1 ring mail of fire resistance (worn)
   (You bought it in a shop on level 7 of the Dungeon)
Jewellery
 b - the amulet of Moodiness {RegenMP rC- MR+ Int+3}
   (You found it on level 8 of the Dungeon)

   [amulet of magic regeneration]

   It increases your magic regeneration.
   It affects your intelligence (+3).
   It makes you vulnerable to cold.
   It affects your resistance to hostile enchantments.
 f - an uncursed amulet of rage
   (You found it on level 1 of the Dungeon)
 k - an uncursed amulet of guardian spirit
   (You found it on level 1 of the Dungeon)
 C - a ring of flight (left hand)
   (You found it on level 4 of the Dungeon)
 H - an uncursed amulet of regeneration
   (You found it on level 4 of the Dungeon)
 K - the amulet of Ubruisso {Reflect rN+ Int+3 SH+3}
   (You found it on level 8 of the Dungeon)

   [amulet of reflection]

   It shields you and reflects attacks.
   It affects your intelligence (+3).
   It protects you from negative energy.
   It affects your SH (+3).
 R - a +5 amulet of reflection (around neck)
   (You found it on level 6 of the Dungeon)
 X - the ring of Daadish {rPois rF- rC+ Dex+2 Slay+5}
   (You found it on level 8 of the Dungeon)

   [ring of protection from cold]

   It affects your dexterity (+2).
   It affects your accuracy and damage with ranged weapons and melee attacks
   (+5).
   It makes you vulnerable to fire.
   It protects you from cold.
   It protects you from poison.
 Y - the ring of Oti Atwix (right hand) {rElec rPois rF+ MR+}
   (You found it on level 8 of the Dungeon)

   [ring of protection from magic]

   It protects you from fire.
   It insulates you from electricity.
   It protects you from poison.
   It affects your resistance to hostile enchantments.
Wands
 c - a wand of polymorph (11)
   (You found it on level 8 of the Dungeon)
 d - a wand of iceblast (4)
   (You found it on level 5 of the Dungeon)
 t - a wand of flame (21)
   (You found it on level 5 of the Dungeon)
 u - a wand of paralysis (9)
   (You found it on level 7 of the Dungeon)
 x - a wand of acid (13)
   (You found it on level 7 of the Dungeon)
Scrolls
 g - a scroll of summoning {unknown}
 h - 3 scrolls of teleportation {@r4}
 j - a scroll of enchant weapon
 m - 2 scrolls of remove curse {@r2}
 o - 5 scrolls of immolation {!r}
 p - a scroll of amnesia {unknown}
 r - 3 scrolls of magic mapping
 E - 3 scrolls of enchant armour
 G - a scroll of noise {unknown}
 N - 2 scrolls of fear {unknown}
 O - a scroll of blinking {unknown}
Potions
 i - 4 potions of lignification {!q}
 n - 2 potions of mutation {unknown}
 q - a potion of ambrosia {unknown}
 s - 5 potions of haste {@q3}
 w - 5 potions of curing {@q1}
 F - 2 potions of heal wounds {unknown}
 I - a potion of berserk rage {unknown}
 J - a potion of flight {unknown}
 L - a potion of might {unknown}
 M - a potion of agility {unknown}
 S - a potion of magic {unknown}
 W - a potion of brilliance {unknown}
Comestibles
 e - 25 rations {!d}
 V - 7 chunks of flesh


   Skills:
 + Level 8.3 Fighting
 - Level 15.1 Slings
 + Level 4.8 Armour
 + Level 9.9 Dodging
 - Level 1.1 Stealth


You had 10 spell levels left.
You didn't know any spells.
Your spell library was empty.

Dungeon Overview and Level Annotations

Branches:
Dungeon (9/15)             Temple (1/1) D:7            Lair (0/6) D:8
    Orc: D:9-12

Altars:
Ashenzari
Cheibriados
Dithmenos
Elyvilon
Fedhas
Gozag
Hepliaklqana
Kikubaaqudgha
Makhleb
Nemelex Xobeh
Okawaru
Qazlal
Ru
Sif Muna
Trog
Uskayaw
Vehumet
Wu Jian
Yredelemnul
Zin
The Shining One

Shops:
D:7 *


Innate Abilities, Weirdness & Mutations

You are small and have problems with some larger weapons.
You are somewhat resistant to further mutation.


Message History

Your surroundings suddenly seem different.
A two-headed ogre comes into view.
It is wielding a +0 giant club and a +0 giant spiked club.
The two-headed ogre shouts in stereo!
An adder comes into view.
An ice beast comes into view.
Found a rapier, a ration and a quarterstaff.
A scorpion comes into view.
Firing (i - inventory. (/) - cycle)
l - 134 stones (quivered)
Aim: an ice beast You shoot a stone.
The stone hits the ice beast.
Quiver which item? (- for none, * to show all) (? for menu, Esc to quit)
Quivering
P - 62 sling bullets for slings.
Firing (i - inventory. (/) - cycle)
P - 62 sling bullets (quivered)
Aim: an ice beast (lightly wounded)
You shoot a sling bullet.
The sling bullet closely misses the ice beast.
Firing (i - inventory. (/) - cycle)
P - 61 sling bullets (quivered)
Aim: an ice beast (lightly wounded)
You shoot a sling bullet. The sling bullet hits the ice beast.
The ice beast misses you.
Firing (i - inventory. (/) - cycle)
P - 60 sling bullets (quivered)
Aim: an ice beast (moderately wounded)
You shoot a sling bullet.
The sling bullet barely misses the ice beast.
Firing (i - inventory. (/) - cycle)
P - 59 sling bullets (quivered)
Aim: an ice beast (moderately wounded)
You shoot a sling bullet.
The sling bullet hits the ice beast but does no damage.
You block the ice beast's attack.
Firing (i - inventory. (/) - cycle)
P - 58 sling bullets (quivered)
Aim: an ice beast (moderately wounded)
You shoot a sling bullet. The sling bullet hits the ice beast.
Found a ration.
Aim: a two-headed ogre, wielding a +0 giant club and a +0 giant spiked club (chance to defeat MR: 28%)
The two-headed ogre easily resists.
The ice beast hits you but does no damage.
The two-headed ogre hits you with a +0 giant club!!
* * * LOW HITPOINT WARNING * * *
The two-headed ogre hits you but does no damage.
The ice beast closely misses you.
As you read the scroll of teleportation {@r4}, it crumbles to dust.
You feel strangely unstable. The ice beast completely misses you.
Your surroundings suddenly seem different.
Found a fan of gales.
You start resting.
The yaktaur captain is too close now for your liking.
The yaktaur captain shouts!
The yaktaur captain shoots a bolt.
The bolt hits you!!!
Ouch! That really hurt!
You die...

#### .... #...
#..# #..# #..#
#..# #.@#
...............
.........c.....
..}.###########
.... ... ..
...........
...........


You could see a yaktaur captain.

Vanquished Creatures
  A centaur warrior (D:8)
  A two-headed ogre (D:8)
  A cyclops (D:8)
  A troll (D:9)
  A jumping spider (shapeshifter) (D:9)
  A slime creature (D:8)
  2 hippogriffs (D:7)
  A spriggan (D:8)
  A yak (D:8)
  A hungry ghost (D:8)
  3 ice beasts
  3 orc warriors
  A black bear (D:6)
  2 necrophages
  7 sky beasts
  A phantom (D:8)
  2 ogres
  6 centaurs
  An elf zombie (D:7)
  3 bullfrogs
  A gnoll sergeant (D:7)
  A water moccasin skeleton (D:8)
  2 scorpions
  8 wights
  A howler monkey (D:4)
  3 crimson imps
  A lava snake (D:8)
  2 bullfrog zombies
  5 hounds
  5 human zombies (D:7)
  5 orc priests (D:6)
  2 human skeletons (D:7)
  3 jellies
  5 orc wizards
  Jessica (D:2)
  A bullfrog skeleton (D:8)
  4 iguanas
  5 worker ants
  A killer bee zombie (D:9)
  A hound skeleton (D:5)
  A worker ant zombie (D:8)
  Robin (D:2)
  6 gnolls
  14 adders
  4 shadow imps
  An ooze (D:7)
  An adder zombie (D:8)
  2 adder skeletons
  2 worms
  4 dart slugs
  8 leopard geckos
  34 orcs
  A ball python (D:6)
  6 giant cockroaches
  16 goblins
  20 hobgoblins
  22 kobolds
  5 quokkas
  5 bats
  7 frilled lizards
  An orc zombie (D:7)
  4 rats
262 creatures vanquished.

Notes
Turn   | Place    | Note
-------+----------+-------------------------------------------
     0 | D:1      | Norn the Halfling Hunter began the quest for the Orb.
     0 | D:1      | Reached XP level 1. HP: 14/14 MP: 1/1
    12 | D:1      | Reached skill level 6 in Slings
    90 | D:1      | Reached XP level 2. HP: 19/19 MP: 2/2
   466 | D:1      | Reached XP level 3. HP: 11/24 MP: 3/3
  1100 | D:2      | Found a snail-covered altar of Cheibriados.
  1222 | D:2      | Reached XP level 4. HP: 15/30 MP: 4/4
  1474 | D:2      | Found an ornate altar of the Wu Jian Council.
  1560 | D:2      | Reached skill level 7 in Slings
  1819 | D:2      | Noticed Jessica
  1824 | D:2      | Killed Jessica
  1824 | D:2      | Reached XP level 5. HP: 32/35 MP: 5/5
  1962 | D:2      | Noticed Robin
  1971 | D:2      | Killed Robin
  2466 | D:3      | Found a sparkling altar of Nemelex Xobeh.
  2752 | D:3      | Reached skill level 8 in Slings
  2767 | D:3      | Reached XP level 6. HP: 22/42 MP: 6/6
  3069 | D:3      | Found a glowing golden altar of the Shining One.
  3223 | D:3      | Found a burning altar of Makhleb.
  3650 | D:4      | Reached skill level 9 in Slings
  3651 | D:4      | Reached XP level 7. HP: 46/46 MP: 7/7
  4548 | D:4      | Found an ancient bone altar of Kikubaaqudgha.
  4695 | D:5      | Entered Level 5 of the Dungeon
  4829 | D:5      | Reached skill level 10 in Slings
  4848 | D:5      | Reached XP level 8. HP: 54/54 MP: 8/8
  4889 | D:5      | Reached skill level 5 in Dodging
  5252 | D:5      | Reached skill level 11 in Slings
  5624 | D:6      | Found a stormy altar of Qazlal.
  5923 | D:6      | Reached skill level 5 in Fighting
  5923 | D:6      | Reached XP level 9. HP: 36/61 MP: 9/9
  5965 | D:5      | Reached skill level 12 in Slings
  6669 | D:6      | Found a hide-covered altar of Uskayaw.
  6785 | D:6      | Reached skill level 13 in Slings
  6885 | D:6      | Found a blossoming altar of Fedhas.
  7149 | D:7      | Found a staircase to the Ecumenical Temple.
  7164 | Temple   | Entered the Ecumenical Temple
  7262 | Temple   | Became a worshipper of Warmaster Okawaru
  7338 | D:7      | Found Kuown's General Store.
  7342 | D:7      | Bought a +1 ring mail of fire resistance for 256 gold
                  | pieces
  7416 | D:7      | Noticed a hippogriff
  7425 | D:7      | Killed a hippogriff
  7519 | D:7      | Noticed a hippogriff
  7529 | D:7      | Killed a hippogriff
  7558 | D:7      | Reached XP level 10. HP: 65/68 MP: 10/10
  7633 | D:7      | Reached * piety under Okawaru
  7702 | D:7      | Found a basalt altar of Yredelemnul.
  7774 | D:7      | Reached skill level 14 in Slings
  8827 | D:8      | Noticed a two-headed ogre
  8842 | D:8      | Killed a two-headed ogre
  8842 | D:8      | Reached ** piety under Okawaru
  8842 | D:8      | Reached skill level 15 in Slings
  9101 | D:8      | Found an opulent altar of Gozag.
  9101 | D:8      | Found a glowing silver altar of Zin.
  9258 | D:8      | Reached skill level 1 in Armour
  9699 | D:8      | Noticed a centaur warrior
  9714 | D:8      | Reached *** piety under Okawaru
  9725 | D:8      | Killed a centaur warrior
  9725 | D:8      | Reached **** piety under Okawaru
  9725 | D:8      | Received a gift from Okawaru
  9725 | D:8      | Reached XP level 11. HP: 64/76 MP: 11/11
  9737 | D:8      | Got a smoking platinum amulet
  9755 | D:8      | Got a crude bronze ring
  9771 | D:8      | Identified the amulet of Ubruisso {Reflect rN+ Int+3 SH+3}
                  | (You found it on level 8 of the Dungeon)
  9772 | D:8      | Identified the ring of Oti Atwix {rElec rPois rF+ MR+} (You
                  | found it on level 8 of the Dungeon)
  9776 | D:8      | Identified the amulet of Moodiness {RegenMP rC- MR+ Int+3}
                  | (You found it on level 8 of the Dungeon)
  9809 | D:8      | Identified the ring of Daadish {rPois rF- rC+ Dex+2 Slay+5}
                  | (You found it on level 8 of the Dungeon)
  9893 | D:8      | Found a staircase to the Lair.
  9950 | D:8      | Noticed a cyclops
 10554 | D:8      | Killed a cyclops
 10554 | D:8      | Received a gift from Okawaru
 10829 | D:9      | Noticed a yaktaur captain
 10834 | D:9      | Noticed a two-headed ogre
 10984 | D:9      | Shot with a bolt by a yaktaur captain

Skill      XL: |  1  2  3  4  5  6  7  8  9 10 11 |
---------------+----------------------------------+-----
Slings         | 6 7 8 9 10 11 13 15 | 15.1
Fighting       | 2 3 4 5 6 7 8 |  8.3
Dodging        | 3 4 6 7 9 |  9.9
Armour         | 3 4 |  4.8
Stealth        | |  1.1

Action                   |  1- 3 |  4- 6 |  7- 9 | 10-12 || total
-------------------------+-------+-------+-------+-------++-------
Melee: Short sword       |       |       |     7 |       ||     7
 Fire: Hunting sling     |    85 |   308 |   476 |   641 ||  1510
 Abil: Evoke Flight      |       |       |       |     1 ||     1
Evoke: Wand              |       |       |       |     4 ||     4
  Use: Scroll            |       |       |     8 |    11 ||    19
  Eat: Chunk             |       |     8 |     8 |     6 ||    22
       Ration            |       |       |     1 |     1 ||     2
Armor: Ring mail         |     8 |    23 |    29 |    33 ||    93
Dodge: Dodged            |    21 |    60 |    88 |   146 ||   315
Block: Other             |       |       |     1 |    32 ||    33
       Reflection        |       |       |       |     1 ||     1
